 Dungeon Crawl Stone Soup version 0.25-a0-1024-gbfbf38f2cb (webtiles) character file.

Game seed: 2813388775922246538, levelgen mode: deterministic

5418 Flugslaktarn the Cleaver (level 10, -1/80 HPs)
             Began as a Mummy Gladiator on May 12, 2020.
             Was an Initiate of Gozag.
             Impaled on a porcupine's spines (14 damage)
             ... on level 8 of the Dungeon.
             The game lasted 00:06:25 (10328 turns).

Flugslaktarn the Cleaver (Mummy Gladiator)         Turns: 10328, Time: 00:06:26

Health: -1/80      AC: 16    Str: 20    XL:     10   Next: 40%
Magic:  10/10      EV:  9    Int:  8    God:    Gozag
Gold:   706        SH:  0    Dex: 14    Spells: 9/9 levels left

rFire    x x .     SeeInvis .   j - +0 hand axe (elec)
rCold    + + .     Gourm    .   (no shield)
rNeg     + + +     Faith    .   q - +1 chain mail {MR+}
rPois    ∞         Spirit   .   o - +2 helmet
rElec    .         Reflect  .   (no cloak)
rCorr    .         Harm     .   i - +0 pair of gloves
MR       ++...                  f - +0 pair of boots
Stlth    ..........             (no amulet)
HPRegen  0.23/turn              n - ring of ice
MPRegen  0.12/turn              b - ring of stealth

@: no status effects
A: no food or potions, fire vulnerability, cold resistance 1, negative energy
resistance 3, torment resistance, unbreathing
a: Potion Petition, Call Merchant, Bribe Branch, Renounce Religion


You were on level 8 of the Dungeon.
You worshipped Gozag.
Gozag was pleased with you.
You were not hungry.

You visited 2 branches of the dungeon, and saw 9 of its levels.

You collected 816 gold pieces.
You paid 110 gold pieces to Gozag.

Inventory:

Hand Weapons
 a - a +0 war axe
 j - a +0 hand axe of electrocution (weapon)
   (You found it on level 1 of the Dungeon)
Missiles
 d - 5 throwing nets (quivered)
Armour
 f - a +0 pair of boots (worn)
   (You found it on level 3 of the Dungeon)
 i - a +0 pair of gloves (worn)
   (You found it on level 5 of the Dungeon)
 o - a +2 helmet (worn)
   (You found it on level 6 of the Dungeon)
 q - a +1 chain mail of magic resistance (worn)
   (You found it on level 7 of the Dungeon)
Jewellery
 b - a ring of stealth (right hand)
   (You found it on level 7 of the Dungeon)
 n - a ring of ice (left hand)
   (You found it on level 1 of the Dungeon)
Wands
 e - a wand of disintegration (14)
   (You found it on level 6 of the Dungeon)
 m - a wand of iceblast (8)
   (You found it on level 5 of the Dungeon)
 s - a wand of acid (3)
   (You found it on level 8 of the Dungeon)
Scrolls
 c - a scroll of holy word
 g - a scroll of fog
 h - a scroll of enchant weapon
 k - 4 scrolls of magic mapping
 l - a scroll of fear
 p - a scroll of torment
 r - a scroll of identify
 t - a scroll of teleportation
 x - 5 scrolls of remove curse


   Skills:
 + Level 8.2 Fighting
 * Level 9.8 Axes
 - Level 1.5 Throwing
 + Level 6.0 Armour
 - Level 2.4 Dodging


You had 9 spell levels left.
You didn't know any spells.
Your spell library was empty.

Dungeon Overview and Level Annotations

Branches:
Dungeon (8/15)             Temple (1/1) D:6            Lair (0/6) D:8

Altars:
Ashenzari
Cheibriados
Dithmenos
Elyvilon
Fedhas
Gozag
Kikubaaqudgha
Nemelex Xobeh
Qazlal
Ru
Sif Muna
Uskayaw
Vehumet
Yredelemnul
The Shining One

Shops:
D:8 *


Innate Abilities, Weirdness & Mutations

You do not eat or drink.
Your flesh is vulnerable to fire.
You are immune to poison.
Your flesh is cold resistant. (rC+)
You are immune to negative energy. (rN+++)
You are immune to unholy pain and torment.
You can survive without breathing.


Message History

The two-headed ogre hits you with a +0 giant club!
* * * LOW HITPOINT WARNING * * *
You are too injured to fight recklessly!
You are too injured to fight recklessly!
Evoke which item? (* to show all) (? for menu, Esc to quit)
Okay, then.
Unknown command.
As you read the scroll of teleportation, it crumbles to dust.
You feel strangely unstable.
Your surroundings suddenly seem different.
The porcupine bites you.
* * * LOW HITPOINT WARNING * * *
The porcupine bites you.
* * * LOW HITPOINT WARNING * * *
A porcupine comes into view.
You hit the plant.
The plant is lightly damaged.
You are struck by the porcupine's spines.
You die...
Your body crumbles into a pile of gold.

......... ...####....#....>#####
......... #...# ##.....P#.#..#...
......... #....##.....P...#......
..........#..............P.......
.......###..........P....P...#.##
.......# #...........PP......#.#.
#......# #......P...♣...P....#.#.
#......# #.........P..P.♣......#.
#......###....P.@.P..>..P....####
#..#..........P.PrP♣...P...P.##..
#..............PP.P...P.♣P...##.#
##................PPP.PP.........
#........#.......P.P......♣###.#
#......#.....#.P.P.........###.#
##....##...........P...........#
#....##.....#.......P.....###.#
###.##.###.....#....#......######


You could see a porcupine.

Vanquished Creatures
  Harold (D:8)
  Joseph (D:7)
  Prince Ribbit (D:5)
  2 hippogriffs
  A wyvern (D:7)
  A basilisk (D:8)
  Eustachio (D:5)
  Menkaure (D:5)
  3 porcupines
  2 orc warriors (D:8)
  An ice beast (D:5)
  2 black bears
  2 ogres
  3 centaurs
  A wolf (D:7)
  4 crocodiles
  2 bullfrogs
  A gnoll sergeant (D:7)
  A water moccasin skeleton (D:7)
  A scorpion (D:7)
  A killer bee (D:8)
  2 howler monkeys
  A crimson imp (D:7)
  2 bullfrog zombies (D:8)
  A centaur zombie (D:5)
  A quasit (D:5)
  4 jellies
  2 orc priests (D:8)
  4 hounds
  7 orc wizards
  2 bullfrog skeletons
  A gnoll shaman (D:4)
  3 iguanas
  7 worker ants
  A hound zombie (D:7)
  15 gnolls
  A howler monkey skeleton (D:4)
  8 adders
  3 shadow imps
  3 oozes
  An adder zombie (D:5)
  5 worms
  2 dart slugs (D:1)
  3 leopard geckos
  28 orcs
  8 bats
  11 giant cockroaches
  2 goblins (D:1)
  6 hobgoblins (D:1)
  5 jackals (D:3)
  13 kobolds
  A quokka (D:7)
  2 ball pythons
  9 frilled lizards
  A leopard gecko skeleton (D:6)
  6 rats
  A plant (D:8)
205 creatures vanquished.

Notes
Turn   | Place    | Note
-------+----------+-------------------------------------------
     0 | D:1      | Flugslaktarn the Mummy Gladiator began the quest for the
                  | Orb.
     0 | D:1      | Reached XP level 1. HP: 16/16 MP: 1/1
   223 | D:1      | Reached XP level 2. HP: 14/22 MP: 2/2
   469 | D:1      | Reached skill level 3 in Axes
   716 | D:1      | Reached XP level 3. HP: 28/28 MP: 3/3
  1642 | D:2      | Noticed a sky beast
  1795 | D:2      | HP: 1/28 [sky beast (5)]
  2147 | D:2      | Reached XP level 4. HP: 32/35 MP: 4/4
  2458 | D:3      | Reached skill level 4 in Axes
  2630 | D:3      | Reached XP level 5. HP: 35/41 MP: 5/5
  3395 | D:4      | Reached skill level 1 in Armour
  3401 | D:4      | Reached XP level 6. HP: 37/48 MP: 6/6
  3770 | D:4      | Reached skill level 5 in Axes
  3783 | D:5      | Entered Level 5 of the Dungeon
  4117 | D:5      | Reached XP level 7. HP: 49/55 MP: 7/7
  5192 | D:5      | Reached skill level 5 in Fighting
  5192 | D:5      | Reached skill level 6 in Axes
  5257 | D:5      | Noticed Eustachio
  5316 | D:5      | Killed Eustachio
  5316 | D:5      | Reached XP level 8. HP: 26/62 MP: 8/8
  5673 | D:5      | Noticed Prince Ribbit
  5697 | D:5      | Killed Prince Ribbit
  5970 | D:5      | Reached skill level 7 in Axes
  6280 | D:5      | Noticed Menkaure
  6285 | D:5      | Killed Menkaure
  7134 | D:6      | Found a staircase to the Ecumenical Temple.
  7143 | Temple   | Entered the Ecumenical Temple
  7171 | Temple   | Became a worshipper of Gozag Ym Sagoz the Greedy
  7592 | D:7      | Reached XP level 9. HP: 70/70 MP: 9/9
  7808 | D:7      | Noticed Joseph
  7827 | D:7      | Killed Joseph
  7827 | D:7      | Reached skill level 8 in Axes
  8106 | D:7      | Found a blossoming altar of Fedhas.
  8340 | D:8      | Found Rullara's Assorted Antiques.
  8375 | D:7      | Reached skill level 5 in Armour
  8808 | D:7      | Reached skill level 9 in Axes
  8991 | D:8      | Found a staircase to the Lair.
  8996 | D:8      | Reached XP level 10. HP: 34/79 MP: 10/10
  9542 | D:8      | Noticed Harold
  9558 | D:8      | Killed Harold
 10313 | D:8      | Noticed a two-headed ogre
 10328 | D:8      | Impaled on a porcupine's spines

Illustrated notes

Levels and vault maps discovered:
D:1:      shiori_shiawase, layout_loops_corners, serial_glass, glass_columns_a,
          glass_columns_b, glass_columns_b, glass_columns_c, minmay_door_square,
          minmay_fountain_box
D:2:      layout_loops_corners, minmay_pentomino_v2
D:3:      layout_basic, minmay_randomly_rotated_circles
D:4:      layout_basic, first_ration, minmay_tree_intersection
D:5:      layout_loops_corners, minivault_25, uniq_eustachio,
          uniq_prince_ribbit1, uniq_menkaure
D:6:      layout_loops_corners, minmay_temple_entry_hall
D:7:      layout_rooms, fedhas_bush_and_centaur_altar, uniq_joseph
D:8:      wad_crossroads, layout_basic, minmay_lair_entry_grove, serial_shops,
          nicolae_shop_competitors_out_of_business, uniq_harold
Temple:   nicolae_temple_the_god_donut

Skill      XL: |  1  2  3  4  5  6  7  8  9 10 |
---------------+-------------------------------+-----
Axes           | 3 4 5 6 7 9 |  9.8
Fighting       | 3 4 5 6 7 8 |  8.2
Armour         | 1 3 4 5 6 |  6.0
Throwing       | |  1.5
Dodging        | |  2.4

Action                   |  1- 3 |  4- 6 |  7- 9 | 10-12 || total
-------------------------+-------+-------+-------+-------++-------
Melee: War axe           |    82 |       |       |       ||    82
       Hand axe          |    38 |   143 |   383 |    73 ||   637
Evoke: Wand              |       |       |     2 |     1 ||     3
  Use: Scroll            |       |     6 |     7 |     1 ||    14
 Stab: Sleeping          |     1 |       |       |       ||     1
Armor: Leather armour    |    42 |    10 |       |       ||    52
       Chain mail        |       |    79 |   299 |    29 ||   407
Dodge: Dodged            |    70 |    79 |   232 |    12 ||   393

Table legend:
 A = Non-vault XP
 B = Vault XP
 C = Vault XP percentage of total XP
 D = Non-vault monster count
 E = Vault monster count
 F = Vault count percentage of total count
                 A         B        C        D         E       F
            +---------+---------+-------+---------+---------+-------
      Total |    3890 |    3851 |  49.7 |     177 |      27 |  13.2
            +---------+---------+-------+---------+---------+-------
        D:1 |      63 |       0 |   0.0 |      33 |       0 |   0.0
        D:2 |      49 |       1 |   2.0 |      14 |       1 |   6.7
        D:3 |     134 |      19 |  12.4 |      24 |       6 |  20.0
        D:4 |     476 |       0 |   0.0 |      24 |       0 |   0.0
        D:5 |     976 |     640 |  39.6 |      23 |       3 |  11.5
        D:6 |     360 |       0 |   0.0 |      19 |       0 |   0.0
        D:7 |    1046 |    1337 |  56.1 |      21 |       9 |  30.0
        D:8 |     786 |    1854 |  70.2 |      19 |       8 |  29.6
            +---------+---------+-------+---------+---------+-------
